 Dungeon Crawl Stone Soup version 0.29.1-1-gd02db6906a (webtiles) character file.

Game seed: 519465692702946869

292 hobodrago the Ruffian (level 6, 0/61 HPs)
             Began as a Troll Fighter on Oct 9, 2022.
             Slain by Robin
             ... wielding a +0 falchion
              (4 damage)
             ... on level 4 of the Dungeon.
             The game lasted 00:02:30 (941 turns).

hobodrago the Ruffian (Troll Fighter)                Turns: 941, Time: 00:02:31

Health: 0/61       AC:  4    Str: 27    XL:     6   Next: 10%
Magic:  5/5        EV:  8    Int:  4    God:
Gold:   89         SH:  7    Dex:  9    Spells: 5/5 levels left

rFire   . . .      SeeInvis .     - Unarmed
rCold   . . .      Faith    .   b - +0 kite shield
rNeg    . . .      Spirit   .   a - +0 robe
rPois   .          Reflect  .   (helmet restricted)
rElec   .          Harm     .   (no cloak)
rCorr   .          Rampage  .   (gloves unavailable)
Will    .....                   (boots unavailable)
Stlth   +.........              (no amulet)
HPRegen 1.00/turn               (no ring)
MPRegen 0.09/turn               (no ring)

@: mighty
A: large, unfitting armour, claws 3, regeneration 1, shaggy fur 1, tough skin 1
a: no special abilities


You were on level 4 of the Dungeon.
You visited 1 branch of the dungeon, and saw 4 of its levels.

You collected 89 gold pieces.

Inventory:

Armour
 a - a +0 robe (worn)
 b - a +0 kite shield (worn)
Jewellery
 h - a ring of positive energy
 l - a ring of resist corrosion
Wands
 i - a wand of polymorph (11)
 j - a wand of iceblast (8)
Scrolls
 d - a scroll of summoning {unknown}
 e - a scroll of noise {unknown}
 f - a scroll of vulnerability {unknown}
 g - 2 scrolls of identify {unknown}
Potions
 k - a potion of flight {unknown}
 m - a potion of heal wounds {unknown}


   Skills:
 + Level 3.2 Fighting
 - Level 2.4 Dodging
 + Level 3.7 Shields
 * Level 5.1 Unarmed Combat


You had 5 spell levels left.
You didn't know any spells.
Your spell library was empty.

Dungeon Overview and Level Annotations

Branches:
Dungeon (4/15)
 Temple: D:4-7

Altars:
Yredelemnul

Annotations:
D:4 Robin


Innate Abilities, Weirdness & Mutations

You are too large for most types of armour.
You have claws for hands.
Your natural rate of healing is unusually fast.
You are covered in fur. (AC +1)
You have tough skin. (AC +1)


Message History

You closely miss the goblin.
The goblin is heavily wounded.
You block the goblin's attack. The goblin hits you with a +0 club.
The goblin hits you but does no damage. The goblin barely misses you.
You scratch the goblin.
The goblin is severely wounded.
The goblin hits you with a +0 club.
* * * LOW HITPOINT WARNING * * *
The goblin barely misses you. The goblin closely misses you.
The goblin hits you but does no damage.
You mangle the goblin!!
You kill the goblin!
The goblin closely misses you. The goblin hits you with a +0 dagger.
* * * LOW HITPOINT WARNING * * *
The goblin hits you but does no damage.
Unknown command.
You feel very mighty all of a sudden. The hobgoblin barely misses you.
The goblin hits you with a +0 club.
* * * LOW HITPOINT WARNING * * *
The goblin hits you with a +0 dagger.
* * * LOW HITPOINT WARNING * * *
You block the goblin's attack.
You mangle the hobgoblin!!
You kill the hobgoblin!
You block the goblin's attack. The goblin hits you but does no damage.
Robin says, "Duck!"
The goblin barely misses you.
You barely miss Robin. The goblin hits you with a +0 club.
* * * LOW HITPOINT WARNING * * *
The goblin hits you with a +0 club.
* * * LOW HITPOINT WARNING * * *
The goblin hits you with a +0 dagger.
* * * LOW HITPOINT WARNING * * *
Robin hits you with a +0 falchion.
* * * LOW HITPOINT WARNING * * *
You scratch Robin.
Robin is lightly wounded.
The goblin hits you but does no damage. The goblin misses you.
Robin hits you with a +0 falchion.
You die... ..# # #.# #. #.#### .gS

..... ### ..g.
#.#.#...#
#gggg##...F.#.###
#.g.......#.....###
#g#...#......
.###.###@#.#......#
.......gggS..#..#.#
###...###..#......#
#... #....#.#.# #
#... ##.#)..#.##.#
... #...#......# ..
+.#.....#### .
#.......#
#####.#.##


You could see Robin, an adder and 3 goblins.

Vanquished Creatures
  A bullfrog (D:4)
  Jessica (D:3)
  Ijyb (D:3)
  An iguana (D:4)
  2 orc wizards (D:3)
  6 adders (D:3)
  2 worms (D:3)
  2 dart slugs (D:3)
  4 orcs (D:3)
  An endoplasm (D:3)
  A giant cockroach (D:3)
  9 goblins
  2 hobgoblins
  A kobold (D:4)
  2 quokkas (D:3)
  2 ball pythons
  A frilled lizard (D:3)
  4 rats
43 creatures vanquished.

Notes
Turn   | Place    | Note
-------+----------+-------------------------------------------
     0 | D:1      | hobodrago the Troll Fighter began the quest for the Orb.
     0 | D:1      | Reached XP level 1. HP: 22/22 MP: 0/0
   123 | D:3      | Reached XP level 2. HP: 29/29 MP: 1/1
   201 | D:3      | Found a basalt altar of Yredelemnul.
   261 | D:3      | Reached XP level 3. HP: 36/36 MP: 2/2
   403 | D:3      | Noticed Ijyb
   406 | D:3      | Reached skill level 3 in Unarmed Combat
   406 | D:3      | Noticed Jessica
   416 | D:3      | Killed Ijyb
   417 | D:3      | Reached XP level 4. HP: 43/45 MP: 3/3
   420 | D:3      | Killed Jessica
   522 | D:3      | Reached skill level 4 in Unarmed Combat
   522 | D:3      | Reached XP level 5. HP: 45/53 MP: 4/4
   921 | D:4      | Noticed Robin
   925 | D:4      | Reached skill level 5 in Unarmed Combat
   925 | D:4      | Reached XP level 6. HP: 46/61 MP: 5/5
   940 | D:4      | HP: 3/61 [Robin/+0 falchion (2)]
   941 | D:4      | Slain by Robin

Illustrated notes

Levels and vault maps discovered:
D:1:      dpeg_arrival_three_bigger_balls, layout_basic,
          shapermc_ecumenical_altar_mp_urbaneastern, serial_shops,
          nicolae_shop_overgrown_old_shop
D:2:      layout_loops_ring
D:3:      layout_loops_ring, mainiacjoe_overflow_boulevard,
          minmay_crystal_water, minmay_misc_feat_encased, st_stairs_8,
          uniq_ijyb, uniq_jessica
D:4:      layout_loops_corners, fedhas_altar_3, nicolae_dithmenos_shadow_blocks,
          chequers_serial_rivers_micro_e, minmay_misc_feat_pillars, st_stairs_7,
          uniq_robin

Skill      XL: |  1  2  3  4  5 |
---------------+----------------+-----
Shields        | 3 |  3.7
Unarmed Combat | 3 4 5 |  5.1
Fighting       | 3 |  3.2
Dodging        | |  2.4

Action                   |  1- 3 |  4- 6 || total
-------------------------+-------+-------++-------
Melee: Unarmed           |    52 |    62 ||   114
  Use: Potion            |       |     1 ||     1
Armor: Robe              |    10 |    20 ||    30
       Skin              |     1 |       ||     1
Dodge: Dodged            |    15 |    29 ||    44
Block: Kite shield       |    19 |    20 ||    39
